 Dungeon Crawl Stone Soup version 0.28-a0-172-g787e458d71 (webtiles) character file.

Game seed: 4086884219219329846

283 Rennog the Fighter (level 6, 0/61 HPs)
             Began as a Gnoll Wanderer on Aug 17, 2021.
             Slain by Duvessa (5 damage)
             ... on level 4 of the Dungeon.
             The game lasted 00:12:24 (4672 turns).

Rennog the Fighter (Gnoll Wanderer)                 Turns: 4672, Time: 00:12:24

Health: 0/61       AC:  7    Str: 18    XL:     6   Next: 28%
Magic:  8/8        EV: 10    Int: 10    God:
Gold:   91         SH:  0    Dex: 14    Spells: 8/8 levels left

rFire   . . .      SeeInvis .   a - +0 falchion
rCold   . . .      Faith    .   (no shield)
rNeg    . . .      Spirit   .   n - +0 scale mail
rPois   .          Reflect  .   (no helmet)
rElec   .          Harm     .   t - scarf {repulsion}
rCorr   .          Rampage  .   j - +0 pair of gloves
Will    .....                   (no boots)
Stlth   +.........              (no amulet)
HPRegen 0.20/turn               o - +6 ring of strength
MPRegen 0.11/turn               (no ring)

@: repel missiles
A: fangs 1, strong nose, distributed training
a: no special abilities


You were on level 4 of the Dungeon.
You visited 1 branch of the dungeon, and saw 5 of its levels.

You collected 161 gold pieces.
You spent 70 gold pieces at shops.

Inventory:

Hand Weapons
 a - a +0 falchion (weapon)
 e - a +0 dagger
Missiles
 b - 4 throwing nets (quivered)
Armour
 c - a +0 leather armour
 j - a +0 pair of gloves (worn)
 n - a +0 scale mail (worn)
 p - a +0 cloak
 t - a scarf of repulsion (worn)
Jewellery
 o - a +6 ring of strength (left hand)
Wands
 h - a wand of flame (19)
Scrolls
 d - 2 scrolls of teleportation
 g - 4 scrolls of enchant weapon
 k - a scroll of summoning {unknown}
 m - a scroll of magic mapping
 q - a scroll of holy word {unknown}
 s - 2 scrolls of noise {unknown}
Potions
 i - 2 potions of curing
 l - a potion of cancellation
 r - a potion of brilliance {unknown}
 u - a potion of flight {unknown}


   Skills:
 + Level 10.5 Fighting
 + Level 1.9 Short Blades
 + Level 3.2 Long Blades
 + Level 1.9 Axes
 + Level 1.9 Maces & Flails
 + Level 1.9 Polearms
 + Level 1.9 Staves
 + Level 1.9 Slings
 + Level 1.9 Bows
 + Level 1.9 Crossbows
 + Level 1.9 Throwing
 + Level 1.9 Armour
 + Level 3.2 Dodging
 + Level 4.5 Stealth
 + Level 3.2 Shields
 + Level 1.9 Unarmed Combat
 + Level 1.9 Spellcasting
 + Level 1.5 Conjurations
 + Level 1.5 Hexes
 + Level 1.5 Summonings
 + Level 1.5 Necromancy
 + Level 1.5 Translocations
 + Level 1.5 Transmutations
 + Level 1.5 Fire Magic
 + Level 1.5 Ice Magic
 + Level 1.5 Air Magic
 + Level 1.5 Earth Magic
 + Level 1.5 Poison Magic
 + Level 2.1 Invocations
 + Level 1.9 Evocations


You had 8 spell levels left.
You didn't know any spells.
Your spell library contained the following spells:

 Spells                   Type           Power      Damage    Failure   Level
 Animate Skeleton         Necr           6%         N/A       50%         1
 Apportation              Tloc           6%         N/A       50%         1
 Corona                   Hex            3%         N/A       50%         1
 Summon Small Mammal      Summ           12%        N/A       50%         1


Dungeon Overview and Level Annotations

Branches:
Dungeon (5/15)
 Temple: D:4-7

Altars:
Ashenzari
Wu Jian

Shops:
D:4 !

Annotations:
D:4 Duvessa


Innate Abilities, Weirdness & Mutations

You have very sharp teeth.
Your uncanny sense of smell can sniff out nearby items.
Your experience applies equally to all skills.


Message History

You feel much better.
Duvessa hits you with a +1 short sword of speed!
Duvessa hits you with a +1 short sword of speed. x2
* * * LOW HITPOINT WARNING * * *
Duvessa hits you with a +1 short sword of speed.
* * * LOW HITPOINT WARNING * * *
Duvessa barely misses you.
You riposte.
You hit Duvessa.
Duvessa is lightly wounded.
Duvessa rages.
Duvessa hits you with a +1 short sword of speed!
* * * LOW HITPOINT WARNING * * *
Blink to where?
Press: ? - help, Dir - move target
As you read the scroll of blinking, it crumbles to dust.
You hear a shout!
Duvessa is no longer berserk.
You see here a +0 club.
Aiming: Throw Flame
Press: ? - help, Shift-Dir - straight line, f - Duvessa
Aim: Duvessa, wielding a +1 short sword of speed and wearing a +0 leather armour (lightly wounded, slow, 75% to hit)
The puff of flame hits Duvessa.
Duvessa is moderately wounded.
Aiming: Throw Flame
Press: ? - help, Shift-Dir - straight line, f/p - Duvessa
Aim: Duvessa, wielding a +1 short sword of speed and wearing a +0 leather armour (moderately wounded, slow, 75% to hit)
The puff of flame hits Duvessa.
Duvessa is heavily wounded.
You barely miss Duvessa. You bite Duvessa.
Duvessa is heavily wounded.
Duvessa hits you with a +1 short sword of speed.
* * * LOW HITPOINT WARNING * * *
You barely miss Duvessa.
Duvessa is heavily wounded.
Duvessa closely misses you.
You riposte.
You slash Duvessa! You bite Duvessa, but do no damage.
Duvessa is severely wounded.
You hit Duvessa.
Duvessa is almost dead.
Duvessa hits you with a +1 short sword of speed.
You die...

######### #....>).#
#..)....# #.......#
#.......# ####.#..###
##
#.##[).#############.
#..[@#.............#.
####e###........#....
#.# #..........#.#
#.# #.........##.#
####.###.........##..
#.....##........#####
#.###.##........# #.#
#.#.........#
#.###.#.........#


You could see Duvessa (slow).

Vanquished Creatures
  A water moccasin skeleton (D:5)
  Dowan (D:4)
  A bullfrog skeleton (D:4)
  5 adders
  2 adder skeletons
  5 worms
  3 dart slugs
  9 orcs
  10 endoplasms
  A giant cockroach (D:1)
  9 goblins
  5 hobgoblins
  4 jackals (D:1)
  3 quokkas
  3 ball pythons
  5 bats
  A frilled lizard (D:1)
  8 kobolds
  4 rats
80 creatures vanquished.

Notes
Turn   | Place    | Note
-------+----------+-------------------------------------------
     0 | D:1      | Reached skill level 10 in Fighting
     0 | D:1      | Rennog the Gnoll Wanderer began the quest for the Orb.
     0 | D:1      | Rennog set off with the following items: a +0 falchion, 4
                  | throwing nets, a +0 leather armour, a scroll of
                  | teleportation, a +0 dagger
     0 | D:1      | Reached XP level 1. HP: 28/28 MP: 1/1
   172 | D:1      | Reached XP level 2. HP: 36/36 MP: 2/2
   283 | D:1      | Found a faded altar of an unknown god.
   292 | D:1      | Became a worshipper of Ashenzari the Shackled
   507 | D:1      | Reached XP level 3. HP: 42/42 MP: 3/3
   507 | D:1      | Fell from the grace of Ashenzari
   808 | D:1      | Reached skill level 1 in Invocations
  1740 | D:2      | Reached skill level 1 in Short Blades
  1740 | D:2      | Reached skill level 1 in Axes
  1740 | D:2      | Reached skill level 1 in Maces & Flails
  1740 | D:2      | Reached skill level 1 in Polearms
  1740 | D:2      | Reached skill level 1 in Staves
  1740 | D:2      | Reached skill level 1 in Slings
  1740 | D:2      | Reached skill level 1 in Bows
  1740 | D:2      | Reached skill level 1 in Crossbows
  1740 | D:2      | Reached skill level 1 in Throwing
  1740 | D:2      | Reached skill level 1 in Armour
  1740 | D:2      | Reached skill level 1 in Unarmed Combat
  1740 | D:2      | Reached skill level 1 in Spellcasting
  1740 | D:2      | Reached skill level 1 in Evocations
  1769 | D:2      | Reached XP level 4. HP: 32/48 MP: 5/5
  3173 | D:3      | Noticed an ogre
  3335 | D:3      | Reached skill level 1 in Conjurations
  3335 | D:3      | Reached skill level 1 in Hexes
  3335 | D:3      | Reached skill level 1 in Summonings
  3335 | D:3      | Reached skill level 1 in Necromancy
  3335 | D:3      | Reached skill level 1 in Translocations
  3335 | D:3      | Reached skill level 1 in Transmutations
  3335 | D:3      | Reached skill level 1 in Fire Magic
  3335 | D:3      | Reached skill level 1 in Ice Magic
  3335 | D:3      | Reached skill level 1 in Air Magic
  3335 | D:3      | Reached skill level 1 in Earth Magic
  3335 | D:3      | Reached skill level 1 in Poison Magic
  3420 | D:4      | Was forgiven by Ashenzari
  3459 | D:4      | Noticed Dowan
  3461 | D:4      | Noticed Duvessa
  3477 | D:4      | Reached XP level 5. HP: 45/54 MP: 6/6
  3489 | D:4      | Killed Dowan
  3635 | D:4      | You fall into a shaft and drop 1 floor!
  3635 | D:5      | Entered Level 5 of the Dungeon
  3930 | D:4      | Found Patserr's Distillery.
  3938 | D:4      | Bought a potion of heal wounds for 70 gold pieces
  4097 | D:4      | Reached XP level 6. HP: 61/61 MP: 8/8
  4450 | D:5      | Found an ornate altar of the Wu Jian Council.
  4672 | D:4      | Slain by Duvessa

Illustrated notes

Levels and vault maps discovered:
D:1:      dpeg_arrival_brainrot, layout_loops_cross,
          hellmonk_ecumenical_altar_leap_of_faith, minmay_stone_trees_small,
          minivault_26, skrybe_limestone_x, minmay_bisected
D:2:      layout_basic, serial_corexii_hall, corexii_hall_statues_x,
          corexii_hall_statues_x, corexii_hall_statues_l,
          chequers_hall_statues_corner_a, small_statue_intersection,
          moated_statue, chequers_serial_rivers_micro_c, hex_tiny
D:3:      layout_loops_cross
D:4:      layout_rooms, serial_shops, nicolae_diamond_shop, uniq_duvessa
D:5:      layout_cave_pools, kennysheep_mini_moat, mainiacjoe_overflow_brackets,
          hangedman_decor_push

Skill      XL: |  1  2  3  4  5  6 |
---------------+-------------------+-----
Fighting       | | 10.5
Invocations    | 1 2 |  2.1
Short Blades   | 1 |  1.9
Axes           | 1 |  1.9
Maces & Flails | 1 |  1.9
Polearms       | 1 |  1.9
Staves         | 1 |  1.9
Slings         | 1 |  1.9
Bows           | 1 |  1.9
Crossbows      | 1 |  1.9
Throwing       | 1 |  1.9
Armour         | 1 |  1.9
Unarmed Combat | 1 |  1.9
Spellcasting   | 1 |  1.9
Evocations     | 1 |  1.9
Conjurations   | 1 |  1.5
Hexes          | 1 |  1.5
Summonings     | 1 |  1.5
Necromancy     | 1 |  1.5
Translocations | 1 |  1.5
Transmutations | 1 |  1.5
Fire Magic     | 1 |  1.5
Ice Magic      | 1 |  1.5
Air Magic      | 1 |  1.5
Earth Magic    | 1 |  1.5
Poison Magic   | 1 |  1.5
Long Blades    | 3 |  3.2
Dodging        | 3 |  3.2
Shields        | 3 |  3.2
Stealth        | |  4.5

Action                   |  1- 3 |  4- 6 || total
-------------------------+-------+-------++-------
Melee: Falchion          |   121 |   153 ||   274
       Bite              |    18 |    24 ||    42
       Punch             |       |     1 ||     1
Invok: Renounce Religion |     1 |       ||     1
Evoke: Wand              |       |     2 ||     2
  Use: Scroll            |       |     4 ||     4
       Potion            |       |     1 ||     1
 Stab: Sleeping          |     3 |     1 ||     4
Armor: Leather armour    |    34 |       ||    34
       Scale mail        |    26 |    55 ||    81
Dodge: Dodged            |    73 |    81 ||   154
       Repelled          |       |     3 ||     3
       Rpst.: Falchion   |    26 |    33 ||    59

Table legend: (Time is in decaauts)
 A = Elapsed time spent in this place.
 B = Non-inter-level travel time spent in this place.
 C = Inter-level travel time spent in this place.
 D = Time resting spent in this place.
 E = Time spent auto-exploring this place.
 F = Levels seen in this place.
 G = Mean time per level.
                   A        B        C        D        E       F      G
               +--------+--------+--------+--------+--------+-----+--------+
         Total |   4730 |   4242 |    488 |    710 |   2678 |   5 |  946.0 |
       Dungeon |   4730 |   4242 |    488 |    710 |   2678 |   5 |  946.0 |
               +--------+--------+--------+--------+--------+-----+--------+

Top non-repeatable levels by time:
     D:1: 1571 daAuts
     D:2: 1426 daAuts
     D:4: 982 daAuts
     D:3: 422 daAuts
     D:5: 327 daAuts
